 Dungeon Crawl Stone Soup version 0.20.1-1-g8b1a95d (webtiles) character file.

32450 HammerPanzer the Bludgeoner (level 13, 0/95 HPs)
             Began as a Minotaur Berserker on Oct 25, 2017.
             Was the Champion of Trog.
             Killed from afar by a bog body (6 damage)
             ... with a bolt of cold
             ... on level 1 of the Swamp.
             The game lasted 01:14:54 (17956 turns).

HammerPanzer the Bludgeoner (Minotaur Berserker)   Turns: 17956, Time: 01:14:54

Health: 0/95       AC: 17    Str: 24    XL:     13   Next: 31%
Magic:  0/12       EV: 10    Int:  6    God:    Trog [******]
Gold:   824        SH: 17    Dex: 11    Spells: 12/12 levels left

rFire    . . .     SeeInvis .   H - +0 eveningstar (freeze)
rCold    + . .     Gourm    .   M - +0 large shield
rNeg     + . .     Faith    .   J - +6 scale mail {rN+}
rPois    .         Spirit   +   (helmet restricted)
rElec    .         Reflect  .   i - +0 cloak
rCorr    .         Harm     .   (no gloves)
MR       .....                  (no boots)
Stlth    ..........             L - amulet of guardian spirit
Regen    0.3/turn               B - ring of protection from cold
MPRegen  0.2/turn               b - +2 ring of evasion

@: berserk cooldown, slowed, very slow
A: retaliatory headbutt, horns 2
a: Berserk, Trog's Hand, Brothers in Arms, Burn Spellbooks, Renounce Religion


You were on level 1 of the Swamp.
You worshipped Trog.
Trog was exalted by your worship.
You were not hungry.

You visited 3 branches of the dungeon, and saw 15 of its levels.

You collected 824 gold pieces.

Inventory:

Hand Weapons
 a - a +1 antimagic demon whip
 H - a +0 eveningstar of freezing (weapon)
 S - a +2 flail of protection
Missiles
 x - 13 tomahawks (quivered)
Armour
 i - a +0 cloak (worn)
 J - a +6 scale mail of positive energy (worn)
 M - a +0 large shield (worn)
Jewellery
 b - a +2 ring of evasion (right hand)
 j - an uncursed ring of fire
 r - an uncursed ring of positive energy
 B - a ring of protection from cold (left hand)
 I - an uncursed ring of flight
 L - an amulet of guardian spirit (around neck)
 Q - a +4 ring of strength {unknown}
 U - an uncursed ring of protection from magic {unknown}
 V - an uncursed ring of protection from cold
Wands
 d - a wand of iceblast (9/15)
 y - a wand of confusion (28/48)
 A - a wand of acid (3/15)
 E - a wand of enslavement (15/24)
 F - a wand of clouds (1/9)
 G - a wand of confusion (17/48)
 P - a wand of flame (28/48)
 R - a wand of paralysis (12/24)
Scrolls
 e - 8 scrolls of enchant armour
 f - 4 scrolls of identify
 k - 2 scrolls of magic mapping
 m - 2 scrolls of teleportation
 q - 12 scrolls of remove curse
 N - a scroll of torment {unknown}
 T - a scroll of acquirement {unknown}
Potions
 h - a potion of berserk rage
 n - a potion of lignification
 o - a potion of haste
 s - 2 potions of agility
 t - 4 potions of curing
 u - 2 potions of ambrosia
 v - a potion of mutation
 z - 2 potions of brilliance
 C - 2 potions of flight
 D - 3 potions of heal wounds
 K - 3 potions of cancellation
Comestibles
 c - 7 bread rations
 g - a meat ration
 l - 12 royal jellies
 w - 24 fruits


   Skills:
 - Level 3.6 Fighting
 + Level 18.8 Maces & Flails
 + Level 1.0 Throwing
 * Level 15.1 Armour
 - Level 2.1 Dodging
 - Level 1.4 Stealth
 - Level 9.6 Shields


You had 12 spell levels left.
You didn't know any spells.

Dungeon Overview and Level Annotations

Branches:
Dungeon (10/15)            Temple (0/1) D:4            Lair (4/6) D:10
  Swamp (1/4) Lair:4       Spider (0/4) Lair:4
    Orc: D:9-12

Altars:
Ashenzari
Cheibriados
Fedhas
Nemelex Xobeh
Qazlal
Ru
Vehumet
Yredelemnul
Zin
The Shining One

Shops:
D:8 %

Portals:
Trove: D:10 (give +4 demon blade)


Innate Abilities, Weirdness & Mutations

You reflexively headbutt those who attack you in melee.
You have a pair of horns on your head.


Message History

Trog accepts your kill. You block the slime creature's attack.
You enter the shallow water.
Moving in this stuff is going to be slow.
Two slime creatures merge to form a very large slime creature.
You feel a strong urge to attack something.
The bog body points at you and mumbles some strange words.
You easily resist.
You feel your anger subside.
You are no longer berserk.
You are exhausted.
You feel yourself slow down.
You see here a meat ration.
g - a meat ration Why would you want to do that?
You block the slime creature's attack.
A very large slime creature splits.
You block the slime creature's attack.
The slime creature hits you but does no damage.
The bog body points at you and mumbles some strange words.
The bolt of cold hits you! You resist.
You die...

≈.≈≈. ♣♣♣≈≈≈/.≈≈.≈♣
....♣ ♣♣♣≈.≈...≈..≈♣
≈≈..♣ ♣≈≈≈≈≈......♣
≈≈≈.♣
♣♣≈≈≈≈...≈≈§≈♣♣
≈≈≈♣♣♣♣
♣≈.≈≈≈...≈≈...♣
≈≈....♣
♣≈...wJJ≈...≈♣♣
≈≈.♣≈.♣
♣♣♣♣..JJw.†...≈♣♣
≈≈.♣♣♣♣
♣≈.§.≈.♣n≈≈≈.≈≈.♣
≈.≈♣
♣..♣.@.§.≈≈≈≈≈≈..≈≈.
≈.♣♣ ♣♣
♣...≈..≈≈≈≈......
.♣♣
♣.≈≈≈..≈≈....♣♣.≈.
♣♣ ≈..≈≈≈≈≈≈....≈≈♣
w. ♣
≈≈..≈≈≈......≈♣♣. ≈
♣♣..♣≈.≈♣♣♣≈♣♣♣♣ .≈
♣♣♣♣♣♣♣♣ .≈♣ .. ♣


You could see a large slime creature, 3 slime creatures, a bog body and 2 swamp
worms.

Vanquished Creatures
  5 hydras
  2 two-headed ogres
  Erica (D:9)
  6 alligators (Swamp:1)
  Urug (D:10)
  An orb spider (Lair:4)
  A black mamba (Lair:4)
  Psyche (D:8)
  12 spiny frogs
  4 komodo dragons
  A rime drake (Lair:3)
  A polar bear (Lair:3)
  2 tyrant leeches
  A hornet (Swamp:1)
  5 blink frogs (Lair:3)
  2 hippogriffs (Lair:3)
  A shadow (Swamp:1)
  A wyvern (Lair:2)
  4 wraiths
  31 yaks
  The ghost of StylePro the Shield-Bearer, an amateur FoFi (D:3)
  4 vampire mosquitoes (Swamp:1)
  Menkaure (D:7)
  2 basilisks
  2 swamp worms
  4 insubstantial wisps (Swamp:1)
  2 swamp drakes (Swamp:1)
  10 water moccasins
  An ice beast (D:10)
  4 orc warriors
  10 porcupines
  4 sky beasts
  A black bear (D:10)
  A phantom (D:8)
  3 wolves
  3 centaurs
  3 ogres
  4 crocodiles
  A big kobold (Lair:1)
  10 bullfrogs
  A wyvern zombie (D:9)
  A wyvern skeleton (D:9)
  A scorpion (D:9)
  A troll zombie (D:7)
  5 howler monkeys (D:9)
  10 wights
  A troll skeleton (D:7)
  A crimson imp (D:7)
  A bullfrog zombie (D:9)
  6 hounds
  3 human zombies (D:7)
  6 jellies
  7 orc priests
  4 centaur skeletons
  15 orc wizards
  2 bullfrog skeletons
  A human skeleton (D:7)
  6 iguanas
  5 worker ants
  A hound skeleton (D:6)
  2 mummies (D:7)
  4 gnolls (D:8)
  10 adders
  3 shadow imps
  7 oozes
  An adder zombie (D:7)
  4 worms
  2 adder skeletons
  6 dart slugs
  3 leopard geckos
  61 orcs
  A ball python (D:6)
  12 bats
  3 giant cockroaches
  2 goblins
  9 hobgoblins
  20 jackals
  6 quokkas
  3 frilled lizards
  4 kobolds
  An orc zombie (D:7)
  A quokka skeleton (D:5)
  A quokka zombie (D:8)
  7 rats
405 creatures vanquished.

Vanquished Creatures (others)
  A bullfrog (D:9)
  A fungus (Lair:3)
  A plant (Lair:3)
3 creatures vanquished.

Grand Total: 408 creatures vanquished

Notes
Turn   | Place    | Note
-------+----------+-------------------------------------------
     0 | D:1      | HammerPanzer the Minotaur Berserker began the quest for the Orb.
     0 | D:1      | Reached XP level 1. HP: 19/19 MP: 0/0
    76 | D:1      | Reached skill level 4 in Maces & Flails
   159 | D:1      | Reached XP level 2. HP: 26/26 MP: 1/1
   219 | D:1      | HP: 1/26 [kobold/whip of electrocution (8)]
   736 | D:1      | Reached skill level 5 in Maces & Flails
   863 | D:1      | Reached XP level 3. HP: 28/31 MP: 2/2
  1139 | D:2      | Reached ** piety under Trog
  1279 | D:2      | Found a snail-covered altar of Cheibriados.
  1496 | D:2      | Found a basalt altar of Yredelemnul.
  1499 | D:2      | Found a sacrificial altar of Ru.
  1501 | D:2      | Found a shattered altar of Ashenzari.
  1501 | D:2      | Found a radiant altar of Vehumet.
  1505 | D:2      | Reached XP level 4. HP: 30/39 MP: 3/3
  1697 | D:2      | Found a sparkling altar of Nemelex Xobeh.
  1736 | D:2      | Found a blossoming altar of Fedhas.
  1913 | D:3      | Reached skill level 6 in Maces & Flails
  1926 | D:3      | Found a shattered altar of Ashenzari.
  2086 | D:3      | Noticed StylePro's ghost (amateur FoFi)
  2110 | D:3      | Killed StylePro's ghost
  2110 | D:3      | Reached skill level 7 in Maces & Flails
  2110 | D:3      | Reached skill level 1 in Shields
  2110 | D:3      | Reached XP level 5. HP: 36/45 MP: 4/4
  2528 | D:3      | Reached XP level 6. HP: 38/51 MP: 5/5
  2538 | D:3      | Found a stormy altar of Qazlal.
  2670 | D:4      | Found a staircase to the Ecumenical Temple.
  2710 | D:4      | Reached skill level 8 in Maces & Flails
  3015 | D:4      | Reached *** piety under Trog
  3211 | D:5      | Entered Level 5 of the Dungeon
  4006 | D:5      | Reached skill level 9 in Maces & Flails
  4006 | D:5      | Reached XP level 7. HP: 57/57 MP: 6/6
  4774 | D:5      | Reached **** piety under Trog
  5047 | D:6      | Reached skill level 10 in Maces & Flails
  5179 | D:6      | Reached XP level 8. HP: 64/64 MP: 7/7
  5443 | D:6      | Reached skill level 5 in Shields
  5576 | D:6      | Reached skill level 11 in Maces & Flails
  5943 | D:6      | Reached skill level 1 in Stealth
  6551 | D:7      | Reached ***** piety under Trog
  6599 | D:7      | Reached skill level 12 in Maces & Flails
  6745 | D:7      | Noticed Menkaure
  6756 | D:7      | Killed Menkaure
  6762 | D:7      | Reached XP level 9. HP: 70/70 MP: 8/8
  7003 | D:7      | Found a basalt altar of Yredelemnul.
  7211 | D:7      | Reached skill level 13 in Maces & Flails
  7497 | D:8      | Noticed Psyche
  7509 | D:8      | Killed Psyche
  8088 | D:8      | Found a glowing golden altar of the Shining One.
  8107 | D:8      | Noticed a two-headed ogre
  8113 | D:8      | Killed a two-headed ogre
  8113 | D:8      | Reached skill level 14 in Maces & Flails
  8113 | D:8      | Reached XP level 10. HP: 77/77 MP: 9/9
  8178 | D:8      | Found Favo's Food Shoppe.
  8927 | D:9      | Received a gift from Trog
  8933 | D:9      | Noticed a two-headed ogre
  8948 | D:9      | Killed a two-headed ogre
  8948 | D:9      | Reached skill level 15 in Maces & Flails
  9467 | D:9      | Reached skill level 16 in Maces & Flails
  9516 | D:9      | Noticed Erica
  9534 | D:9      | Killed Erica
  9758 | D:9      | Found a glowing silver altar of Zin.
 10005 | D:9      | Reached XP level 11. HP: 82/82 MP: 10/10
 10166 | D:9      | Reached skill level 5 in Armour
 10196 | D:10     | Entered Level 10 of the Dungeon
 10222 | D:10     | Noticed Urug
 10613 | D:10     | Noticed a four-headed hydra
 10632 | D:10     | Killed a four-headed hydra
 10632 | D:10     | Reached skill level 17 in Maces & Flails
 10953 | D:10     | Found a portal to a secret trove of treasure.
 11452 | D:10     | Killed Urug
 11556 | D:10     | Reached ****** piety under Trog
 11578 | D:10     | Received a gift from Trog
 11771 | D:10     | Found a staircase to the Lair.
 11775 | Lair:1   | Entered Level 1 of the Lair of Beasts
 12478 | Lair:2   | Reached skill level 10 in Armour
 12932 | Lair:2   | Reached XP level 12. HP: 79/90 MP: 9/11
 13595 | Lair:3   | Noticed a five-headed hydra
 13609 | Lair:3   | Killed a five-headed hydra
 13609 | Lair:3   | Reached skill level 1 in Throwing
 13886 | Lair:3   | Noticed a four-headed hydra
 14245 | Lair:3   | Found a blossoming altar of Fedhas.
 14377 | Lair:3   | Noticed a seven-headed hydra
 14384 | Lair:3   | Killed a seven-headed hydra
 14445 | Lair:3   | Noticed a seven-headed hydra
 14453 | Lair:3   | Killed a seven-headed hydra
 14893 | Lair:3   | Reached skill level 18 in Maces & Flails
 14927 | Lair:3   | Killed a four-headed hydra
 15684 | Lair:4   | Found a hole to the Spider Nest.
 16046 | Lair:4   | Found a staircase to the Swamp.
 16449 | Swamp:1  | Entered Level 1 of the Swamp
 16540 | Swamp:1  | Noticed an alligator
 16575 | Swamp:1  | Killed an alligator
 16875 | Swamp:1  | Reached XP level 13. HP: 95/95 MP: 10/12
 17565 | Swamp:1  | Reached skill level 15 in Armour
 17945 | Swamp:1  | HP: 3/95 [spiny frog (8)]
 17956 | Swamp:1  | Killed from afar by a bog body

Skill      XL: |  1  2  3  4  5  6  7  8  9 10 11 12 13 |
---------------+----------------------------------------+-----
Maces & Flails | 4 5 7 9 10 12 14 16 17 18 | 18.8
Shields        | 1 2 4 6 9 |  9.6
Stealth        | 1 |  1.4
Armour         | 4 10 14 15 | 15.1
Throwing       | 1 |  1.0
Fighting       | |  3.6
Dodging        | |  2.1

Action                   |  1- 3 |  4- 6 |  7- 9 | 10-12 | 13-15 || total
-------------------------+-------+-------+-------+-------+-------++-------
Melee: Mace              |    68 |    71 |       |       |       ||   139
       Headbutt          |    13 |    26 |    72 |   148 |    24 ||   283
       Morningstar       |       |   100 |   442 |   124 |       ||   666
       Dire flail        |       |       |       |   212 |       ||   212
       Eveningstar       |       |       |       |   373 |   131 ||   504
Throw: Tomahawk          |       |       |       |     4 |       ||     4
Invok: Berserk           |       |     3 |     5 |     7 |     1 ||    16
       Burn Spellbooks   |       |       |       |     3 |       ||     3
  Use: Scroll            |     4 |     9 |     8 |    11 |     1 ||    33
       Potion            |       |       |     1 |       |     2 ||     3
  Eat: Chunk             |     2 |    10 |    12 |    22 |       ||    46
       Meat ration       |       |       |     1 |     3 |     1 ||     5
       Royal jelly       |       |       |     1 |       |       ||     1
Armor: Animal skin       |    24 |       |       |       |       ||    24
       Ring mail         |     5 |    18 |       |       |       ||    23
       Chain mail        |       |    60 |   101 |       |       ||   161
       Plate armour      |       |       |    85 |   138 |       ||   223
       Scale mail        |       |       |       |   113 |    37 ||   150
Dodge: Dodged            |    48 |    52 |   102 |   162 |    27 ||   391
Block: Shield            |     4 |    69 |   192 |    58 |       ||   323
       Large shield      |       |       |       |   265 |    93 ||   358
